 Dungeon Crawl Stone Soup version 0.20-a0-1000-g0e8f6bb (webtiles) character file.

1294 FastMan the Cleaver (level 8, 0/74 HPs)
             Began as a Minotaur Berserker on Apr 13, 2017.
             Was a Believer of Trog.
             Slain by a sky beast (6 damage)
             ... on level 7 of the Dungeon.
             The game lasted 00:03:03 (2427 turns).

FastMan the Cleaver (Minotaur Berserker)            Turns: 2427, Time: 00:03:04

Health: 0/74       AC: 12    Str: 21    XL:     8   Next: 30%
Magic:  7/7        EV:  9    Int:  4    God:    Trog [**....]
Gold:   137        SH:  0    Dex: 13    Spells: 7/7 levels left

rFire    . . .     SeeInvis .   f - +0 war axe
rCold    . . .     Gourm    .   (no shield)
rNeg     . . .     Faith    .   b - +0 plate armour
rPois    .         Spirit   .   (helmet restricted)
rElec    .         Reflect  .   (no cloak)
rCorr    .         Harm     .   o - +0 pair of gloves
MR       ++...                  (no boots)
Stlth    ..........             (no amulet)
Regen    1.3/turn               p - +2 ring of evasion
MPRegen  0.1/turn               (no ring)

@: regenerating
A: retaliatory headbutt, horns 2
a: Berserk, Trog's Hand, Burn Spellbooks, Renounce Religion


You were on level 7 of the Dungeon.
You worshipped Trog.
Trog was pleased with you.
You were hungry.

You visited 1 branch of the dungeon, and saw 7 of its levels.

You collected 137 gold pieces.

Inventory:

Hand Weapons
 f - a +0 war axe (weapon)
Armour
 b - a +0 plate armour (worn)
 o - a +0 pair of gloves (worn)
Jewellery
 p - a +2 ring of evasion (left hand)
Scrolls
 a - a scroll of magic mapping
 j - a scroll of teleportation {@r3}
Potions
 d - a potion of haste {@q3}
 e - a potion of flight {unknown}
 k - a potion of curing {@q1}
 m - 2 potions of might {@q4}
 s - 2 potions of cancellation
 t - a potion of brilliance {@q6}
Comestibles
 c - 2 bread rations {@e1}
 i - a fruit {@e4}
 q - 2 meat rations {@e2}
 u - 2 royal jellies {@e3}
 v - 10 chunks of flesh


   Skills:
 + Level 7.8 Fighting
 * Level 10.4 Axes
 - Level 2.4 Armour
 - Level 2.1 Dodging


You had 7 spell levels left.
You didn't know any spells.

Dungeon Overview and Level Annotations

Branches:
Dungeon (7/15)             Temple (0/1) D:6

Altars:
Ashenzari
Hepliaklqana
Nemelex Xobeh
Uskayaw


Innate Abilities, Weirdness & Mutations

You reflexively headbutt those who attack you in melee.
You have a pair of horns on your head.


Message History

You closely miss the sky beast.
The sky beast is almost dead.
You slash the phantom!
You destroy the phantom!
Trog accepts your kill.
The sky beast flickers out of sight!
Deactivating autopickup; reactivate with Ctrl-A.
Something hits you but does no damage.
Unknown command.
Your plate armour prevents you from hitting something.
Something hits you.
* * * LOW HITPOINT WARNING * * *
Something shocks you.
* * * LOW HITPOINT WARNING * * *
You miss something. Your headbutt misses something.
Something hits you but does no damage.
You miss something. You headbutt something. Something hits you.
* * * LOW HITPOINT WARNING * * *
Something shocks you.
You die...

#.........
.... #<...#
#....
#....####.....
#?.........#
#......!####
#......##
##....##
#....##
##..{@.#####
#............
#............
#......#######
.....######
....## ....
... ..


There were no monsters in sight!

Vanquished Creatures
  Eustachio (D:4)
  An orc warrior (D:6)
  2 ice beasts
  A phantom (D:7)
  An ogre (D:4)
  2 centaurs (D:5)
  A bullfrog (D:3)
  A scorpion (D:4)
  A howler monkey (D:5)
  A crimson imp (D:5)
  A centaur zombie (D:5)
  2 orc priests
  2 orc wizards
  2 bullfrog skeletons (D:4)
  An iguana (D:4)
  A worker ant (D:7)
  A hound skeleton (D:4)
  4 gnolls (D:2)
  An adder (D:2)
  An ooze (D:6)
  A worm (D:2)
  2 leopard geckos
  8 orcs
  4 bats
  2 giant cockroaches
  2 goblins
  A hobgoblin (D:2)
  4 jackals (D:5)
  A quokka (D:5)
  A frilled lizard (D:3)
  4 kobolds
  3 rats
61 creatures vanquished.

Notes
Turn   | Place    | Note
-------+----------+-------------------------------------------
     0 | D:1      | FastMan the Minotaur Berserker began the quest for the Orb.
     0 | D:1      | Reached XP level 1. HP: 19/19 MP: 0/0
   112 | D:1      | Reached skill level 4 in Axes
   184 | D:2      | Reached XP level 2. HP: 24/27 MP: 1/1
   193 | D:2      | Reached XP level 3. HP: 25/33 MP: 2/2
   198 | D:2      | Reached skill level 5 in Axes
   802 | D:2      | Reached XP level 4. HP: 40/41 MP: 3/3
  1045 | D:3      | Noticed a bullfrog
  1056 | D:3      | Killed a bullfrog
  1056 | D:3      | Reached ** piety under Trog
  1056 | D:3      | Reached skill level 5 in Fighting
  1233 | D:4      | Reached skill level 6 in Axes
  1233 | D:4      | Reached XP level 5. HP: 48/48 MP: 4/4
  1317 | D:4      | Found a hide-covered altar of Uskayaw.
  1330 | D:4      | Noticed an ogre
  1337 | D:4      | Killed an ogre
  1598 | D:4      | Reached skill level 7 in Axes
  1598 | D:4      | Reached XP level 6. HP: 56/56 MP: 5/5
  1615 | D:4      | Noticed Eustachio
  1617 | D:4      | Found a shattered altar of Ashenzari.
  1639 | D:4      | Killed Eustachio
  1710 | D:4      | Reached skill level 8 in Axes
  1885 | D:4      | Reached XP level 7. HP: 57/63 MP: 6/6
  1971 | D:5      | Entered Level 5 of the Dungeon
  2027 | D:5      | Found a sparkling altar of Nemelex Xobeh.
  2030 | D:5      | Found a hazy altar of Hepliaklqana.
  2059 | D:5      | Reached skill level 9 in Axes
  2289 | D:6      | Reached XP level 8. HP: 42/73 MP: 7/7
  2314 | D:6      | Reached skill level 10 in Axes
  2325 | D:6      | Found a staircase to the Ecumenical Temple.
  2427 | D:7      | Slain by a sky beast

Vault maps used:
D:1:      dpeg_arrival_ternary, minmay_tromino_v4_b
D:2:      kennysheep_big_empty_room
D:3:      minmay_door_path, first_bread, nicolae_tso_swordbearing_angel
D:4:      eat_drink_and_be_merry_uskayaw, ashenzari_altar_1, uniq_eustachio
D:5:      nicolae_overflow_hidden_temple, st_stairs_14
D:6:      makhleb_grotto_becter, kennysheep_mini, minmay_temple_entry_overgrown,
          minivault_22
D:7:      enter_ossuary_1, grunt_livestock, nicolae_zen_rock_garden,
          minmay_misc_feat_room, uniq_crazy_yiuf_cottage

Skill      XL: |  1  2  3  4  5  6  7  8 |
---------------+-------------------------+-----
Axes           | 4 5 6 7 8 9 10 | 10.4
Fighting       | 4 5 6 7 |  7.8
Armour         | |  2.4
Dodging        | |  2.1

Action                   |  1- 3 |  4- 6 |  7- 9 || total
-------------------------+-------+-------+-------++-------
Melee: Hand axe          |    34 |    18 |       ||    52
       Headbutt          |     9 |     8 |    19 ||    36
       War axe           |       |    41 |    93 ||   134
Invok: Berserk           |     1 |     3 |     1 ||     5
       Trog's Hand       |       |       |     1 ||     1
  Use: Scroll            |       |       |    11 ||    11
  Eat: Chunk             |       |     6 |     3 ||     9
Armor: Ring mail         |     8 |     3 |       ||    11
       Animal skin       |     1 |       |       ||     1
       Scale mail        |       |    15 |    22 ||    37
       Plate armour      |       |       |    16 ||    16
Dodge: Dodged            |    21 |    47 |    43 ||   111
